 Dungeon Crawl Stone Soup version 0.27.0-1-g7a089689b8 (webtiles) character file.

Game seed: 6964340944754889179

1059 SnakkuSnakku7 the Chopper (level 8, 0/52 HPs)
             Began as a Vampire Hedge Wizard on Aug 14, 2021.
             Slain by a scorpion (7 damage)
             ... on level 6 of the Dungeon.
             The game lasted 00:08:42 (4762 turns).

SnakkuSnakku7 the Chopper (Vampire Hedge Wizard)    Turns: 4762, Time: 00:08:42

Health: 0/52       AC:  3    Str: 11    XL:     8   Next: 6%
Magic:  21/21      EV: 12    Int: 17    God:
Gold:   276        SH:  0    Dex: 13    Spells: 10/13 levels left

rFire    . . .     SeeInvis +   a - +2 hand axe (vamp)
rCold    . . .     Faith    .   (no shield)
rNeg     . . .     Spirit   .   b - +0 robe
rPois    .         Reflect  .   B - +0 helmet
rElec    .         Harm     .   e - scarf {+Inv}
rCorr    .         Rampage  .   (no gloves)
Will     .....                  (no boots)
Stlth    ++........             (no amulet)
HPRegen  0.37/turn              w - ring of magical power
MPRegen  0.17/turn              (no ring)

@: healing quickly, invisible
A: alive, fangs 3, see invisible, vampiric 2
a: Exsanguinate, Evoke Invisibility


You were on level 6 of the Dungeon.
You visited 1 branch of the dungeon, and saw 6 of its levels.

You collected 276 gold pieces.

Inventory:

Hand Weapons
 a - a +2 vampiric hand axe (weapon)
 f - a +0 spear
 g - a +0 dagger
Missiles
 j - 15 poisoned darts
Armour
 b - a +0 robe (worn)
 c - a +0 hat
 e - a scarf of invisibility (worn)
 m - a +0 plate armour
 p - a +0 chain mail
 B - a +0 helmet (worn)
Jewellery
 w - a ring of magical power (left hand)
 A - a ring of poison resistance
Scrolls
 d - 6 scrolls of amnesia {unknown}
 k - 3 scrolls of teleportation {unknown}
 l - a scroll of vulnerability {unknown}
 q - a scroll of summoning {unknown}
 r - a scroll of acquirement {unknown}
 t - a scroll of noise {unknown}
 u - a scroll of silence {unknown}
 x - 4 scrolls of identify {unknown}
 y - a scroll of enchant weapon {unknown}
 z - a scroll of blinking {unknown}
Potions
 h - 2 potions of flight {unknown}
 i - a potion of curing
 n - a potion of might {unknown}
 o - 3 potions of heal wounds {unknown}
 s - 2 potions of attraction {unknown}


   Skills:
 + Level 5.4 Axes
 + Level 4.9 Throwing
 - Level 2.1 Dodging
 - Level 3.0 Stealth
 - Level 3.0 Spellcasting
 - Level 0.6 Conjurations
 - Level 2.2 Hexes
 - Level 1.0 Summonings
 - Level 0.7 Translocations
 - Level 1.8 Air Magic
 - Level 1.6 Poison Magic


You had 10 spell levels left.
You knew the following spells:

 Your Spells              Type           Power      Damage    Failure   Level
a - Magic Dart            Conj           16%        1d3       14%         1
b - Poisonous Vapours     Pois/Air       16%        N/A       13%         2

Your spell library contained the following spells:

 Spells                   Type           Power      Damage    Failure   Level
 Slow                     Hex            10%        N/A       11%         2
 Summon Small Mammal      Summ           20%        N/A       12%         1
 Call Imp                 Summ           5%         N/A       17%         2
 Corpse Rot               Necr/Air       N/A        N/A       19%         2
 Blink                    Tloc           N/A        N/A       21%         2
 Summon Guardian Golem    Hex/Summ       8%         N/A       26%         3
 Mephitic Cloud           Conj/Pois/Air  7%         N/A       30%         3
 Call Canine Familiar     Summ           5%         N/A       34%         3
 Conjure Flame            Conj/Fire      3%         6-21      43%         3
 Freezing Cloud           Conj/Ice/Air   2%         6-21      98%         5


Dungeon Overview and Level Annotations

Branches:
Dungeon (6/15)
 Temple: D:4-7

Altars:
Gozag
Okawaru
Qazlal
Ru
Uskayaw
Xom
The Shining One

Shops:
D:1 =   D:4 [   D:5 (


Innate Abilities, Weirdness & Mutations

Your natural rate of healing is accelerated.
You have razor-sharp teeth.
You have supernaturally acute eyesight. (SInv)
You are afflicted with vampirism and can become a bat while bloodless.


Message History

There is a stone staircase leading down here.
You climb downwards. 4 gnolls come into view.
The gnoll shouts! x4
Found 23 arrows.
There is a stone staircase leading up here.
Unknown command.
The gnoll closely misses you.
The gnoll throws a throwing net.
The throwing net hits you.
You become entangled in the net!
You stop ascending the stairs.
The gnoll hits you with a +0 club!
Unknown command.
You are held in a net!
You are held in a net!
Unknown command.
You struggle against the net.
A scorpion comes into view.
The gnoll hits you from afar with a +0 spear!
You struggle against the net.
The gnoll barely misses you.
You struggle against the net.
The gnoll hits you with a +0 whip.
The gnoll hits you from afar with a +0 spear.
You shred the net and break free! The gnoll barely misses you.
The gnoll hits you but does no damage. The gnoll hits you with a +0 whip.
The gnoll hits you from afar with a +0 spear!
The scorpion stings you!
* * * LOW HITPOINT WARNING * * *
2 orcs come into view.
The orc shouts!
You hear a shout! x2
An orc comes into view. It is wielding a +0 dagger.
An iguana comes into view.
An orc priest comes into view. It is wielding a +0 war axe.
The orc priest shouts!
The scorpion stings you.
* * * LOW HITPOINT WARNING * * *
The orc hits you with a +0 hand axe.
* * * LOW HITPOINT WARNING * * *
Found a scale mail.
You fade into invisibility!
An orc comes into view. It is wielding a +0 hand axe.
The scorpion stings you!
You die...

.......
#...#
..####.<.##
..........#
..#####.#.#
#g#g# #g#.#
#s#[# #.@.#
##o.# #..#
#o.# .l.#
o.8o .....
.8o..8


You could see a scorpion, an iguana, an orc priest, 3 gnolls and 4 orcs.

Vanquished Creatures
  Sigmund (D:2)
  A sky beast (D:5)
  2 orc warriors
  An ogre (D:5)
  A scorpion (D:5)
  A water moccasin skeleton (D:4)
  A centaur zombie (D:5)
  An orc priest (D:3)
  Jessica (D:2)
  2 iguanas (D:4)
  Terence (D:3)
  3 orc wizards
  3 gnolls (D:2)
  7 adders
  A shadow imp (D:5)
  An ufetubus (D:3)
  2 dart slugs (D:3)
  23 orcs
  4 ball pythons
  6 endoplasms
  6 giant cockroaches
  4 goblins
  6 hobgoblins
  7 kobolds
  5 quokkas
  3 bats
  4 frilled lizards
  10 rats
108 creatures vanquished.

Vanquished Creatures (others)
  A fungus (D:3)
1 creature vanquished.

Grand Total: 109 creatures vanquished

Notes
Turn   | Place    | Note
-------+----------+-------------------------------------------
     0 | D:1      | SnakkuSnakku7 the Vampire Hedge Wizard began the quest for
                  | the Orb.
     0 | D:1      | Reached XP level 1. HP: 13/13 MP: 4/4
    34 | D:1      | Found Reurig's Jewellery Shoppe.
    66 | D:1      | Reached skill level 1 in Hexes
   238 | D:1      | Reached XP level 2. HP: 19/19 MP: 6/6
   609 | D:2      | Reached skill level 1 in Air Magic
   612 | D:2      | Learned a level 2 spell: Poisonous Vapours
   613 | D:2      | Noticed Jessica
   623 | D:2      | Killed Jessica
   624 | D:2      | Reached skill level 1 in Poison Magic
   624 | D:2      | Gained mutation: You are afflicted with vampirism and can
                  | become a bat while bloodless. [Vampire growth]
   624 | D:2      | Reached XP level 3. HP: 24/24 MP: 7/7
   937 | D:2      | Reached XP level 4. HP: 20/30 MP: 0/8
  1017 | D:2      | Reached skill level 1 in Axes
  1098 | D:2      | You fall into a shaft and drop 2 floors!
  1098 | D:4      | Found a hide-covered altar of Uskayaw.
  1098 | D:4      | Found a shimmering altar of Xom.
  1098 | D:4      | Found an opulent altar of Gozag.
  1098 | D:4      | Found a stormy altar of Qazlal.
  1098 | D:4      | Found a sacrificial altar of Ru.
  1099 | D:4      | Found an iron altar of Okawaru.
  1104 | D:4      | Reached skill level 1 in Throwing
  1526 | D:2      | Noticed Sigmund
  1550 | D:2      | Killed Sigmund
  1551 | D:2      | Reached skill level 2 in Axes
  1551 | D:2      | Reached XP level 5. HP: 14/35 MP: 0/9
  1614 | D:2      | Reached XP level 6. HP: 36/41 MP: 7/10
  1971 | D:2      | Reached skill level 3 in Axes
  2093 | D:3      | Noticed Terence
  2104 | D:3      | Killed Terence
  2422 | D:3      | Noticed an orc warrior
  2933 | D:3      | Killed an orc warrior
  2934 | D:3      | Reached skill level 4 in Axes
  2934 | D:3      | Reached XP level 7. HP: 46/46 MP: 6/11
  3137 | D:3      | Found a faded altar of an unknown god.
  3376 | D:4      | Found Xufumypp's Armour Boutique.
  3774 | D:5      | Entered Level 5 of the Dungeon
  4217 | D:5      | Reached skill level 5 in Axes
  4505 | D:5      | Reached XP level 8. HP: 52/52 MP: 12/12
  4666 | D:5      | Found Odikhl Huga's Weapon Emporium.
  4762 | D:6      | Slain by a scorpion

Illustrated notes

Levels and vault maps discovered:
D:1:      ebering_trefoil_3fold, layout_rooms, serial_shops, shop_coins,
          minmay_misc_feat_columns, amcnicky_mini_corridor_feature, st_stairs_8
D:2:      layout_basic, uniq_jessica, uniq_sigmund
D:3:      minmay_chambers_of_twos, layout_basic,
          shapermc_ecumenical_altar_ellora, uniq_terence
D:4:      layout_basic, grunt_temple_overflow_open, serial_shops, shop
D:5:      layout_gridville, chequers_serial_rivers_micro_e,
          chequers_decorated_corner, skrybe_limestone_x, nicolae_stop_n_shop_2,
          minmay_misc_feat_four_crosses
D:6:      cheibrodos_iron_armory, layout_loops_ring,
          minmay_temple_entry_steel_oval, serial_undead, serial_undead_c,
          serial_undead_d, serial_undead_d, serial_undead_c, serial_undead_b,
          serial_undead_b, serial_undead_c, serial_undead_f, grunt_ministairs_2

Skill      XL: |  1  2  3  4  5  6  7 |
---------------+----------------------+-----
Hexes          | 2 |  2.2
Air Magic      | 1 |  1.8
Poison Magic   | 1 |  1.6
Axes           | 2 4 5 |  5.4
Throwing       | 2 3 4 |  4.9
Dodging        | |  2.1
Stealth        | |  3.0
Spellcasting   | |  3.0
Conjurations   | |  0.6
Summonings     | |  1.0
Translocations | |  0.7

Action                   |  1- 3 |  4- 6 |  7- 9 || total
-------------------------+-------+-------+-------++-------
Melee: Dagger            |    24 |       |       ||    24
       Bite              |     5 |     7 |     6 ||    18
       Hand axe          |    64 |   140 |    87 ||   291
 Cast: Magic Dart        |     9 |       |       ||     9
       Poisonous Vapours |     3 |    38 |    31 ||    72
  Use: Potion            |       |     1 |     1 ||     2
 Stab: Sleeping          |     5 |     6 |       ||    11
Armor: Robe              |    13 |    23 |    16 ||    52
Dodge: Dodged            |    64 |   107 |    64 ||   235
